 Dungeon Crawl Stone Soup version 0.30-b1-2-g02819fbbbe (webtiles) character file.

Game seed: 17765709655471803570

301 Ashen the Caller (level 6, -6/62 HPs)
             Began as an Ogre Summoner on Aug 16, 2023.
             Was an Initiate of Sif Muna.
             Killed by divine providence
             ... invoked by an orc priest
              (11 damage)
             ... on level 4 of the Dungeon.
             The game lasted 00:10:24 (3031 turns).

Ashen the Caller (Ogre Summoner)                    Turns: 3031, Time: 00:10:25

Health: -6/62      AC:  4    Str: 13    XL:     6   Next: 37%
Magic:  6/12       EV: 25    Int: 18    God:    Sif Muna [......]
Gold:   169        SH:  0    Dex:  9    Spells: 4/13 levels left

rFire   . . .        h - +0 mace
rCold   + . .        (no shield)
rNeg    . . .        e - +0 robe {Will+}
rPois   .            (helmet restricted)
rElec   .            r - +0 cloak
rCorr   .            (gloves unavailable)
SInv    .            (boots unavailable)
Will    +....        t - amulet of the acrobat
Stlth   +            c - ring of flight
HPRegen 0.30/turn    s - ring of protection from cold
MPRegen 0.13/turn

%: acrobat
@: acrobatic, flying
A: large, unfitting armour, tough skin 1
a: Renounce Religion


You were on level 4 of the Dungeon.
You worshipped Sif Muna.
Sif Muna was noncommittal.
You visited 2 branches of the dungeon, and saw 5 of its levels.

You collected 169 gold pieces.

Inventory:

Hand Weapons
 h - a +0 mace (weapon)
Armour
 e - a +0 robe of willpower (worn)
 r - a +0 cloak (worn)
Jewellery
 c - a ring of flight (left hand)
 s - a ring of protection from cold (right hand)
 t - an amulet of the acrobat (around neck)
Wands
 x - a wand of acid (5)
Scrolls
 a - a scroll of teleportation {unknown}
 g - a scroll of noise {unknown}
 j - 3 scrolls of enchant weapon {unknown}
 l - a scroll of fear {unknown}
 m - a scroll of amnesia {unknown}
 o - 2 scrolls of fog {unknown}
 u - 2 scrolls of identify {unknown}
 w - a scroll of brand weapon {unknown}
 y - a scroll of blinking {unknown}
 z - a scroll of magic mapping {unknown}
Potions
 b - a potion of magic
 d - a potion of might {unknown}
 f - a potion of degeneration {unknown}
 i - a potion of haste {unknown}
 k - 3 potions of curing {unknown}
 n - 2 potions of ambrosia {unknown}
 p - 3 potions of heal wounds {unknown}
 q - a potion of brilliance {unknown}
 v - a potion of flight {unknown}
 A - a potion of attraction {unknown}


   Skills:
 + Level 3.6 Fighting
 + Level 1.2 Maces & Flails
 + Level 3.2 Dodging
 - Level 1.4 Stealth
 + Level 4.0 Spellcasting
 + Level 4.5 Summonings


You had 4 spell levels left.
You knew the following spells:

 Your Spells              Type           Power      Damage    Failure   Level
a - Summon Small Mammal   Summ           76%        N/A       2%          1
b - Call Imp              Summ           38%        N/A       3%          2
c - Call Canine Familiar  Summ           19%        N/A       7%          3
d - Summon Guardian Gole  Hex/Summ       11%        N/A       17%         3

Your spell library contained the following spells:

 Spells                   Type           Power      Damage    Failure   Level
 Apportation              Tloc           6%         N/A       14%         1
 Slow                     Hex            12%        N/A       14%         1
 Confusing Touch          Hex            3%         N/A       41%         3
 Vampiric Draining        Necr           3%         2d6       41%         3
 Summon Lightning Spire   Summ/Air       11%        N/A       50%         4
 Alistair's Intoxication  Tmut/Pois      2%         N/A       99%         5


Dungeon Overview and Level Annotations

Branches:
Dungeon (4/15)             Temple (1/1) D:4

Altars:
Cheibriados
Dithmenos
Elyvilon
Gozag
Hepliaklqana
Kikubaaqudgha
Okawaru
Qazlal
Ru
Sif Muna
Uskayaw
Vehumet
Xom
Yredelemnul
The Shining One


Innate Abilities, Weirdness & Mutations

You are too large for most types of armour.
You have tough skin. (AC +1)


Message History

The orc priest hits your cerulean imp with a +0 hand axe.
Your cerulean imp hits the orc priest but does no damage.
The orc priest calls down the wrath of Beogh upon you.
Beogh smites you!
* * * LOW HITPOINT WARNING * * *
Your cerulean imp misses the orc priest.
An orc comes into view. It is wielding a +0 club.
The orc priest hits your cerulean imp with a +0 hand axe.
Your cerulean imp dies!
Your cerulean imp disappears in a puff of smoke!
The orc priest hits your hound with a +0 hand axe.
Your hound barely misses the orc priest.
Your hound bites the orc priest.
An orc comes into view. It is wielding a +0 whip.
The orc priest barely misses your hound.
Your hound bites the orc priest.
The orc priest hits your hound with a +0 hand axe!
Your hound closely misses the orc priest.
Casting: Call Canine Familiar (dangerous; 7% risk of failure)
Confirm with . or Enter, or press ? or * to list all spells.
A tiny devil pulls itself out of the air.
Your hound closely misses the orc priest.
The orc priest hits your hound with a +0 hand axe!
Your hound dies!
Your hound's corpse disappears in a puff of smoke!
The orc priest shouts!
You hear a shout!
Your cerulean imp barely misses the orc priest.
Casting: Call Imp (safe; 3% risk of failure)
Confirm with . or Enter, or press ? or * to list all spells.
The orc priest hits your cerulean imp but does no damage.
Your cerulean imp closely misses the orc priest.
The orc priest hits your cerulean imp with a +0 hand axe.
A giant cockroach comes into view.
Your cerulean imp closely misses the orc priest.
The orc priest barely misses your cerulean imp.
Your cerulean imp barely misses the orc priest.
The orc priest calls down the wrath of Beogh upon you.
Beogh smites you!
You die...

#.# #.# #.# #.#
#.#######.####...
#........B....o#
#########o####.#
#o# ##5##
#######.h.#
...?...@#.#
#######...# #####


You could see an orc priest (ally target), an orc, a giant cockroach, a friendly
hound (summoned) and a friendly cerulean imp (summoned).

Vanquished Creatures
  Eustachio (D:4)
  Jessica (D:2)
  A gnoll (D:1)
  An adder (D:2)
  A worm (D:2)
  A dart slug (D:2)
  An orc (D:4)
  2 endoplasms
  2 giant cockroaches (D:3)
  3 goblins
  8 hobgoblins
  6 jackals
  3 quokkas (D:2)
  A ball python (D:1)
  3 bats
  2 frilled lizards
  A kobold (D:3)
  A rat (D:1)
39 creatures vanquished.

Vanquished Creatures (collateral kills)
  A hound (D:4)
  2 adders (D:2)
  A worm (D:2)
  A dart slug (D:2)
  An orc (D:4)
  3 ball pythons (D:2)
  2 endoplasms
  4 goblins
  A hobgoblin (D:4)
  3 jackals (D:2)
  2 kobolds
  A quokka (D:3)
  A bat (D:2)
  A rat (D:1)
24 creatures vanquished.

Grand Total: 63 creatures vanquished

Notes
Turn   | Place    | Note
-------+----------+-------------------------------------------
     0 | D:1      | Ashen the Ogre Summoner began the quest for the Orb.
     0 | D:1      | Reached XP level 1. HP: 16/16 MP: 3/3
   328 | D:1      | Reached XP level 2. HP: 26/26 MP: 3/5
   506 | D:1      | Reached skill level 1 in Fighting
   534 | D:1      | Learned a level 2 spell: Call Imp
   782 | D:1      | Reached XP level 3. HP: 29/33 MP: 0/7
  1001 | D:1      | Found a faded altar of an unknown god.
  1179 | D:2      | Noticed Jessica
  1207 | D:2      | Killed Jessica
  1208 | D:2      | Reached XP level 4. HP: 18/44 MP: 6/8
  1764 | D:2      | Reached XP level 5. HP: 46/52 MP: 6/10
  1771 | D:2      | Learned a level 3 spell: Call Canine Familiar
  1775 | D:2      | Learned a level 3 spell: Summon Guardian Golem
  2037 | D:3      | Found a hazy altar of Hepliaklqana.
  2054 | D:3      | Found a snail-covered altar of Cheibriados.
  2488 | D:3      | Found an iron altar of Okawaru.
  2720 | D:4      | Found a glowing golden altar of the Shining One.
  2725 | D:4      | Found a basalt altar of Yredelemnul.
  2811 | D:4      | Noticed Eustachio
  2812 | D:4      | Found a staircase to the Ecumenical Temple.
  2820 | Temple   | Entered the Ecumenical Temple
  2926 | Temple   | Became a worshipper of Sif Muna the Loreminder
  2957 | D:4      | Killed Eustachio
  2958 | D:4      | Reached skill level 1 in Maces & Flails
  2958 | D:4      | Reached XP level 6. HP: 16/62 MP: 6/12
  3021 | D:4      | HP: 2/62 [orc priest/divine providence (14)]
  3031 | D:4      | Killed from afar by an orc priest

Illustrated notes

Levels and vault maps discovered:
D:1:      dpeg_arrival_rhombus, layout_loops_ring,
          chequers_ecumenical_altar_lobes
D:2:      layout_rooms, kennysheep_generic_room_14, uniq_jessica
D:3:      layout_basic, overflow_temple_1_default, mainiacjoe_overflow_alcove_2,
          mainiacjoe_overflow_concentric_impassable
D:4:      layout_loops_ring, grunt_temple_overflow_holy_war,
          mainiacjoe_overflow_alcove_4, minmay_temple_entry_large_hall,
          ebering_ghost_reflecting_pool, serial_shops, nicolae_shop_trees,
          portal_sewer_entry_f, uniq_eustachio
Temple:   zaba_magenta_temple

Skill      XL: |  1  2  3  4  5 |
---------------+----------------+-----
Fighting       | 1 2 3 |  3.6
Dodging        | 2 3 |  3.2
Spellcasting   | 3 4 |  4.0
Summonings     | 4 |  4.5
Maces & Flails | 1 |  1.2
Stealth        | |  1.4

Action                     |  1- 3 |  4- 6 || total
---------------------------+-------+-------++-------
  Melee: Unarmed           |    13 |       ||    13
         Whip              |    25 |       ||    25
         Mace              |    43 |    83 ||   126
         Punch             |       |     1 ||     1
   Cast: Summon Small Mamm |    11 |     7 ||    18
         Call Imp          |     6 |    12 ||    18
         Call Canine Famil |       |     5 ||     5
  Evoke: Wand              |       |     1 ||     1
   Stab: Sleeping          |       |     2 ||     2
         Distracted        |       |     1 ||     1
 Armour: Robe              |    44 |    34 ||    78
  Dodge: Dodged            |    75 |    63 ||   138
